 Dungeon Crawl Stone Soup version 0.31-a0-971-g75a2e9a4b4 (webtiles) character file.

Game seed: 3723591772640915970

65 RepHenryClay the Conjurer (level 3, -5/26 HPs)
             Began as a Draconian Conjurer on Oct 29, 2023.
             Slain by an orc priest
             ... wielding a +0 hand axe
              (7 damage)
             ... on level 3 of the Dungeon.
             The game lasted 00:03:32 (1884 turns).

RepHenryClay the Conjurer (Draconian Conjurer)      Turns: 1884, Time: 00:03:33

Health: -5/26      AC:  5    Str:  7 (9)  XL:     3   Next: 94%
Magic:  1/6        EV: 11    Int: 19 (20) God:
Gold:   97         SH:  0    Dex:  8 (9)  Spells: 3/6 levels left

rFire   . . .        j - +2 long sword (holy)
rCold   . . .        (no shield)
rNeg    . . .        (body armour unavailable)
rPois   +            (helmet restricted)
rElec   .            (no cloak)
rCorr   .            (no gloves)
SInv    .            (no boots)
Will    .....        (no amulet)
Stlth   +            c - ring of poison resistance
HPRegen 0.24/turn    (no ring)
MPRegen 0.10/turn

%: no passive effects
@: no status effects
A: AC +5, unfitting armour, cold-blooded
a: no special abilities


You were on level 3 of the Dungeon.
You visited 1 branch of the dungeon, and saw 3 of its levels.

You collected 97 gold pieces.

Inventory:

Hand Weapons
 j - a +2 long sword of holy wrath (weapon)
Jewellery
 c - a ring of poison resistance (left hand)
Scrolls
 b - a scroll of fear {unknown}
 g - a scroll of noise {unknown}
 i - a scroll of teleportation {unknown}
 m - a scroll of immolation {unknown}
Potions
 a - a potion of magic


   Skills:
 - Level 1.7 Dodging
 - Level 1.7 Stealth
 - Level 2.0 Spellcasting
 + Level 5.6 Conjurations


You had 3 spell levels left.
You knew the following spells:

 Your Spells              Type           Power      Damage    Failure   Level
a - Magic Dart            Conj           92%        1d7       1%          1
b - Searing Ray           Conj           46%        2d6       2%          2

Your spell library contained the following spells:

 Spells                   Type           Power      Damage    Failure   Level
 Dazzling Flash           Conj/Hex       24%        N/A       16%         3
 Fulminant Prism          Conj/Hex       6%         3d7       47%         4
 Iskenderun's Mystic Bla  Conj/Tloc      12%        2d5       47%         4


Dungeon Overview and Level Annotations

Branches:
Dungeon (3/15)

Altars:
Ru


Innate Abilities, Weirdness & Mutations

Your plain brown scales are hard. (AC +5)
You cannot fit into any form of body armour.
You are cold-blooded and may be slowed by cold attacks.


Message History

The orc priest hits you with a +0 hand axe!
* * * LOW HITPOINT WARNING * * *
The orc priest closely misses you.
Huge Dmg: -27%(-7hp) hp: 16%(4hp) Welcome back, RepHenryClay the Draconian Conjurer.
Press ? for a list of commands and other information.
You barely miss the orc priest. You tail-slap the orc priest.
The orc priest is heavily wounded.
The orc priest calls upon Beogh to heal the orc.
The orc's wounds heal themselves!
You hit the orc priest.
The orc priest is heavily wounded.
The orc priest hits you with a +0 hand axe.
* * * LOW HITPOINT WARNING * * *
Huge Dmg: -16%(-4hp) hp: 4%(1hp) Welcome back, RepHenryClay the Draconian Conjurer.
Press ? for a list of commands and other information.
It was a potion of lignification.
You turn into a tree.
Your roots penetrate the ground.
The orc priest begins to cast a cantrip, but forgets the words!
An orc comes into view. It is wielding a +0 dagger.
It was a potion of resistance.
You feel protected.
The orc priest hits you but does no damage.
It was a potion of cancellation.
Your magical effects are unravelling.
You feel magically purged.
You feel less wooden.
You feel a little less mighty now.
Your resistance to elements expires.
The orc priest hits you but does no damage.
It was a potion of degeneration.
There was something very wrong with that liquid.
You feel weakened.
You feel dopey.
You feel clumsy. The orc priest barely misses you.
You aren't carrying any items that you can evoke.
You closely miss the orc priest.
The orc priest is heavily wounded.
The orc priest barely misses you.
The orc priest hits you with a +0 hand axe!
You die...

#.# #.#
#.# #.#
#.# #.#
#.# #.#
#@# #
#o#
#.##o#
#...o#
#o#?###
...
...##
#....
####


You could see an orc priest and 2 orcs.

Vanquished Creatures
  An adder (D:2)
  A worm (D:2)
  3 dart slugs (D:1)
  An orc (D:3)
  3 bats
  An endoplasm (D:1)
  3 giant cockroaches
  4 goblins
  7 hobgoblins
  6 jackals
  2 kobolds (D:3)
  2 quokkas
  3 frilled lizards
  4 rats
41 creatures vanquished.

Notes
Turn   | Place    | Note
-------+----------+-------------------------------------------
     0 | D:1      | RepHenryClay the Draconian Conjurer began the quest for the
                  | Orb.
     0 | D:1      | Reached XP level 1. HP: 14/14 MP: 3/3
   170 | D:1      | Reached XP level 2. HP: 14/20 MP: 1/5
   317 | D:1      | Learned a level 2 spell: Searing Ray
   763 | D:1      | Reached skill level 5 in Conjurations
   797 | D:1      | Reached XP level 3. HP: 26/26 MP: 4/6
  1221 | D:1      | Found a sacrificial altar of Ru.
  1879 | D:3      | HP: 1/26 [orc priest/+0 hand axe (4)]
  1884 | D:3      | Slain by an orc priest

Illustrated notes

Levels and vault maps discovered:
D:1:      dpeg_arrival_water_altar, layout_basic
D:2:      layout_loops_ring, minmay_misc_feat_pillars
D:3:      corexii_shack_village, layout_basic, nicolae_ru_awakened_eye,
          zin_purify, shapermc_ecumenical_altar_petra, skrybe_limestone_x,
          kennysheep_decorative_pillar, uniq_terence

Skill      XL: |  1  2 |
---------------+-------+-----
Conjurations   | 5 |  5.6
Dodging        | |  1.7
Stealth        | |  1.7
Spellcasting   | |  2.0

Action                     || total
---------------------------++-------
  Melee: Unarmed           ||    81
         Tailslap          ||    11
         Long sword        ||     9
         Punch             ||     2
   Cast: Magic Dart        ||    80
    Use: Potion            ||     6
 Armour: Skin              ||    66
  Dodge: Dodged            ||    68

Table legend: (Time is in decaauts)
 A = Elapsed time spent in this place.
 B = Non-inter-level travel time spent in this place.
 C = Inter-level travel time spent in this place.
 D = Time resting spent in this place.
 E = Time spent auto-exploring this place.
 F = Levels seen in this place.
 G = Mean time per level.
                   A        B        C        D        E       F      G
               +--------+--------+--------+--------+--------+-----+--------+
         Total |   1889 |   1865 |     24 |     41 |   1500 |   3 |  629.7 |
       Dungeon |   1889 |   1865 |     24 |     41 |   1500 |   3 |  629.7 |
               +--------+--------+--------+--------+--------+-----+--------+

Top non-repeatable levels by time:
     D:1: 1240 daAuts
     D:2: 328 daAuts
     D:3: 320 daAuts
